Map: [ESL] NeoHumanity

Players

Serral - Winner!

  • Race: Zerg Zerg
  • Spawn Location: 5:00

Clem

  • Race: Terran Terran
  • Spawn Location: 11:00

Event: ESL SC2 Masters 2023 Summer (Regionals)

VOD

Have the link to the VOD?

Description

Time

  • Played on: May 21, 2023, 1:01 p.m.
  • Length: 9:30

All games in this series

Show
View Real Time Build Order
Export as new Build Order

Serral Zerg - Winner!

Build Orders: Hatch First, Lurkers 

Get SALT Encoding   

  12  0:00  Drone  
  13  0:07  Drone  
  14  0:14  Extractor, Drone  
  15  0:36  Hatchery  
  15  0:41  Extractor  
  15  0:42  Drone  
  15  0:47  Overlord  
  15  1:02  Spawning Pool  
  14  1:06  Drone  
  14  1:10  Drone  
  16  1:13  Drone  
  16  1:18  Drone  
  18  1:27  Extractor  
  18  1:29  Drone  
  18  1:39  Drone  
  19  1:49  Queen x2  
  19  1:50  Zergling x2  
  19  1:51  Drone  
  25  2:00  Overlord  
  25  2:02  Drone  
  26  2:10  Drone  
  26  2:11  Drone  
  28  2:22  Drone x2  
  30  2:27  Queen x2  
  33  2:33  Drone  
  33  2:36  Overlord  
  34  2:42  Drone  
  34  2:44  Overlord  
  35  2:57  Drone x2  
  37  3:01  Drone x6  
  43  3:08  Lair  
  43  3:09  Drone  
  43  3:10  Drone  
  45  3:15  Extractor  
  44  3:23  Drone x2, Roach Warren  
  45  3:33  Drone  
  46  3:34  Drone x2  
  46  3:38  Hatchery  
  46  3:41  Pneumatized Carapace  
  47  3:45  Overlord  
  47  3:48  Overlord  
  47  3:53  Overlord  
  47  4:04  Roach x2  
  47  4:06  Roach  
  47  4:07  Roach x3  
  61  4:10  Roach  
  61  4:13  Roach  
  63  4:19  Roach  
  63  4:23  Overlord  
  63  4:24  Queen  
  65  4:26  Drone x2  
  65  4:27  Drone  
  65  4:30  Drone  
  71  4:38  Drone x4  
  75  4:39  Drone  
  77  4:45  Drone x2  
  77  4:49  Queen  
  80  4:53  Overlord  
  80  4:54  Drone x2  
  82  5:00  Drone  
  82  5:02  Drone  
  82  5:06  Extractor x2  
  82  5:07  Evolution Chamber  
  82  5:08  Evolution Chamber  
  82  5:10  Drone x4  
  82  5:12  Drone x2  
  86  5:20  Drone  
  87  5:24  Drone x2  
  87  5:26  Queen  
  91  5:30  Overlord  
  91  5:36  Zerg Missile Weapons Level 1, Zerg Ground Armor Level 1  
  91  5:37  Drone x2  
  91  5:38  Drone x2  
  91  5:41  Extractor x2  
  91  5:42  Drone x4  
  97  5:43  Overlord  
  97  5:47  Overlord x2  
  97  5:50  Glial Reconstitution  
  97  5:55  Roach x2  
  101  6:01  Drone  
  102  6:04  Roach  
  102  6:05  Roach x2  
  102  6:06  Hatchery  
  107  6:15  Roach  
  107  6:16  Roach x5  
  119  6:20  Drone  
  119  6:22  Infestation Pit  
  119  6:24  Burrow  
  119  6:26  Overlord x2  
  119  6:28  Metabolic Boost  
  119  6:31  Roach x2  
  123  6:33  Roach  
  123  6:39  Overlord  
  125  6:44  Drone x5  
  130  6:53  Drone x2  
  132  6:56  Roach x3  
  138  7:03  Drone, Hive  
  138  7:04  Drone, Hydralisk Den  
  138  7:05  Ravager x3  
  138  7:06  Unknown  
  141  7:13  Zergling x20  
  151  7:18  Overlord  
  151  7:20  Overlord  
  151  7:24  Drone  
  152  7:30  Overlord x3  
  152  7:34  Roach  
  152  7:36  Roach x3, Lurker Den  
  152  7:37  Roach  
  162  7:44  Zergling x6  
  162  7:47  Drone  
  162  7:50  Roach x2, Zergling x8  
  170  7:53  Roach  
  170  7:55  Zergling x4  
  170  7:59  Roach  
  172  8:09  Hydralisk x6  
  184  8:19  Viper x2  
  182  8:26  Hatchery  
  187  8:34  Roach x5, Lurker  
  187  8:38  Lurker  
  189  8:44  Lurker  
  188  8:49  Lurker  
  188  8:54  Lurker x2  
  177  8:59  Hydralisk  
  177  9:00  Hydralisk, Zergling x18  
Show
View Real Time Build Order
Export as new Build Order

Clem Terran 

Build Orders: Reaper Expand 

Get SALT Encoding   

  12  0:00  SCV  
  13  0:12  SCV  
  14  0:17  Supply Depot  
  14  0:24  SCV  
  15  0:38  SCV  
  15  0:40  Barracks  
  16  0:43  Refinery  
  16  0:50  SCV  
  17  1:03  SCV  
  18  1:15  SCV  
  19  1:27  Orbital Command, Reaper  
  20  1:38  Command Center  
  20  1:47  Supply Depot  
  20  1:52  SCV  
  21  1:59  Marine  
  22  2:05  SCV  
  23  2:10  Factory  
  23  2:17  SCV  
  23  2:20  Barracks Reactor  
  24  2:29  SCV  
  25  2:37  Command Center  
  25  2:41  SCV  
  26  2:50  Orbital Command  
  26  2:53  SCV  
  27  3:02  Hellion x2  
  27  3:04  Barracks Tech Lab  
  31  3:07  SCV  
  32  3:13  Barracks  
  32  3:16  SCV  
  32  3:19  SCV  
  34  3:21  Refinery  
  34  3:23  Marine  
  34  3:28  Stimpack  
  34  3:29  SCV  
  34  3:32  SCV  
  36  3:40  Barracks  
  36  3:41  SCV  
  36  3:42  Marine  
  36  3:44  SCV  
  39  3:51  Starport  
  39  3:54  Orbital Command  
  39  3:56  SCV  
  39  3:59  SCV  
  39  4:02  Factory Tech Lab  
  41  4:03  Marine  
  41  4:08  SCV  
  43  4:10  Marine x2  
  43  4:11  SCV  
  46  4:20  SCV x2  
  46  4:23  Marine, SCV  
  50  4:27  Marine, Siege Tank  
  50  4:28  Marine  
  55  4:32  Marine, Supply Depot, SCV  
  55  4:35  SCV x2  
  59  4:41  Marine, Medivac  
  59  4:42  Bunker  
  59  4:44  SCV  
  59  4:45  Supply Depot  
  60  4:46  Marine  
  61  4:53  Marine x2  
  61  4:54  SCV x2  
  61  4:57  Supply Depot  
  61  4:58  Marine  
  67  5:02  Supply Depot  
  67  5:06  Marine  
  67  5:07  Combat Shield, Supply Depot  
  67  5:08  Supply Depot  
  67  5:11  Marine x2  
  67  5:13  Refinery  
  69  5:19  SCV x3, Siege Tank  
  69  5:20  Marine  
  76  5:24  Marine  
  76  5:25  Refinery  
  77  5:29  Marine  
  77  5:31  SCV x2  
  77  5:32  Marine  
  82  5:39  Supply Depot  
  83  5:42  Barracks  
  83  5:43  SCV x2  
  83  5:45  Barracks  
  83  5:48  Supply Depot  
  83  5:49  Marine  
  83  5:50  Marine  
  83  5:53  Starport Reactor, Barracks Reactor  
  83  5:54  Marine  
  83  5:55  SCV x2  
  83  5:56  Siege Tank  
  91  6:03  Supply Depot  
  91  6:04  Engineering Bay  
  91  6:06  Engineering Bay  
  91  6:07  SCV x2, Marine  
  91  6:09  Marine  
  91  6:11  Orbital Command  
  95  6:12  Marine  
  96  6:19  Barracks x2  
  96  6:21  Barracks  
  96  6:25  Marine, SCV x2  
  96  6:30  Supply Depot  
  96  6:31  Siege Tank  
  102  6:33  Barracks Reactor  
  102  6:37  Terran Infantry Weapons Level 1  
  102  6:38  Terran Infantry Armor Level 1  
  102  6:40  SCV  
  102  6:42  SCV  
  102  6:43  SCV  
  105  6:49  Marine x3  
  105  6:50  Marine x2  
  105  6:54  SCV, Barracks Tech Lab  
  110  6:57  Supply Depot  
  110  6:58  Medivac  
  110  6:59  Medivac  
  110  7:00  SCV  
  110  7:01  SCV  
  115  7:05  Supply Depot  
  115  7:07  Marine x3, Supply Depot  
  115  7:08  Marine  
  119  7:09  Marine  
  119  7:11  Marine x2  
  119  7:14  Marine  
  123  7:18  Barracks Reactor  
  123  7:19  Marine x2, Supply Depot  
  123  7:22  Supply Depot  
  125  7:26  Marine x2  
  125  7:27  Marine x2  
  125  7:28  Marine  
  130  7:31  Medivac x2, Siege Tank  
  130  7:35  Marine x2  
  130  7:36  Marine x2  
  141  7:37  Marauder  
  141  7:44  Marine x2  
  143  7:45  Supply Depot  
  143  7:46  Armory, Marine  
  143  7:47  Refinery  
  133  7:59  Marine x3  
  133  8:00  Marine x5  
  133  8:01  Medivac  
  133  8:02  Marine  
  133  8:03  Marine x2  
  133  8:04  Marine  
  140  8:06  SCV  
  140  8:08  SCV  
  142  8:17  Marine x3  
  142  8:18  Marine x2, Siege Tank  
  142  8:19  Marine x2, Medivac  
  154  8:21  Marine x2  
  154  8:23  Marine  
  154  8:27  Marine x2  
  157  8:33  Supply Depot  
  159  8:35  Marine x3  
  159  8:36  Medivac  
  159  8:38  Marine x2  
  159  8:40  Marine x2  
  159  8:41  Marine  
  168  8:42  Marine  
  168  8:45  Marine  
  168  8:46  Marine x2  
  168  8:52  Marine  
  168  8:53  Marine, SCV x2  
  162  8:56  SCV  
  162  9:03  Marine  
  162  9:06  Marine  
  163  9:10  Marine  
Tags
 
Add a new tag
Caveats
  • Supply blocks, unpowered buildings, or Contaminate may cause inaccurate times.
  • Supply counts are checked every 10 seconds.